Map: King's Cove LE

Players

ZaZen

  • Race: Terran Terran
  • League: Silver
  • Spawn Location: 5:00

baykans - Winner!

  • Race: Zerg Zerg
  • League: Silver
  • Spawn Location: 11:00

VOD

Have the link to the VOD?

Description

Time

  • Played on: May 18, 2019, 3:32 p.m.
  • Length: 4:49
Show
View Real Time Build Order
Export as new Build Order

ZaZen Terran 

Build Orders:  

Get SALT Encoding   

  12  0:01  SCV  
  13  0:16  Supply Depot  
  13  0:18  SCV  
  14  0:31  Refinery  
  14  0:32  SCV  
  15  0:44  Barracks  
  15  0:46  SCV  
  16  0:58  SCV  
  17  1:08  Refinery  
  17  1:14  SCV  
  18  1:33  Orbital Command  
  18  1:37  Supply Depot  
  18  1:38  Factory  
  18  1:46  Barracks Reactor  
  18  2:02  SCV  
  19  2:15  Ghost Academy  
  19  2:17  SCV  
  20  2:24  Armory  
  20  2:33  Hellion  
  20  2:34  SCV  
  23  2:39  Hellion  
  23  2:43  Barracks Tech Lab  
  25  2:51  SCV  
  26  2:59  Hellion  
  26  3:03  SCV  
  29  3:06  Ghost  
  31  3:26  Supply Depot  
  31  3:47  Ghost  
  35  3:48  Hellion  
  35  3:49  Hellion  
  37  3:59  Command Center  
  37  4:13  Hellion  
Show
View Real Time Build Order
Export as new Build Order

baykans Zerg - Winner!

Build Orders: Hatch First 

Get SALT Encoding   

  12  0:02  Drone  
  13  0:11  Drone  
  14  0:18  Extractor  
  14  0:20  Extractor  
  14  0:21  Drone  
  13  0:23  Drone  
  16  0:30  Overlord  
  16  0:49  Drone x2  
  18  1:03  Drone  
  19  1:06  Hatchery  
  19  1:07  Extractor  
  17  1:17  Drone  
  17  1:18  Drone  
  19  1:28  Drone  
  20  1:41  Overlord  
  20  1:50  Drone  
  21  1:56  Spawning Pool  
  21  2:00  Drone  
  21  2:13  Drone  
  22  2:19  Drone  
  23  2:29  Drone  
  24  2:33  Drone  
  24  2:34  Drone  
  26  2:43  Drone  
  27  2:46  Queen  
  27  2:48  Drone  
  30  2:58  Evolution Chamber  
  29  3:01  Overlord  
  29  3:02  Roach Warren  
  28  3:05  Extractor  
  28  3:06  Queen  
  28  3:09  Zergling x2  
  28  3:10  Zergling x2  
  31  3:16  Drone x2  
  33  3:35  Lair  
  33  3:40  Zergling x6  
  36  3:57  Roach x4  
  36  3:59  Overlord x2  
  44  4:22  Hatchery  
  43  4:24  Roach  
  43  4:25  Roach x4  
Tags
 
Add a new tag
Caveats
  • Supply blocks, unpowered buildings, or Contaminate may cause inaccurate times.
  • Supply counts are checked every 10 seconds.